 Dungeon Crawl Stone Soup version 0.24-a0-497-g5a03d68f59 (webtiles) character file.

Game seed: 2872401943448487719

4967 KristoblXynda the Carver (level 10, -5/73 HPs)
             Began as a White Draconian Skald on July 13, 2019.
             Was a Follower of Ashenzari.
             Slain by a wyvern (13 damage)
             ... on level 8 of the Dungeon.
             The game lasted 00:17:54 (9764 turns).

KristoblXynda the Carver (White Draconian Skald)    Turns: 9764, Time: 00:17:54

Health: -5/73      AC:  9    Str: 16    XL:     10   Next: 28%
Magic:  13/13      EV: 15    Int: 15    God:    Ashenzari [*.....]
Gold:   422        SH:  0    Dex: 10    Spells: 8/14 levels left

rFire    . . .     SeeInvis .   m - +2 scimitar (slice)
rCold    + . .     Gourm    .   (no shield)
rNeg     + . .     Faith    .   (armour unavailable)
rPois    .         Spirit   .   (helmet restricted)
rElec    .         Reflect  .   i - +1 cloak
rCorr    .         Harm     .   (no gloves)
MR       .....                  (no boots)
Stlth    +.........             (no amulet)
HPRegen  0.22/turn              l - ring of positive energy
MPRegen  0.13/turn              (no ring)

@: short of breath, marked
A: breathe frost, unfitting armour, cold resistance 1, cold-blooded, AC +7
a: Breathe Frost, Curse Item, Scrying, Renounce Religion


You were on level 8 of the Dungeon.
You worshipped Ashenzari.
Ashenzari was aware of your devotion.
You were hungry.

You visited 2 branches of the dungeon, and saw 9 of its levels.

You collected 422 gold pieces.

Inventory:

Hand Weapons
 m - a +2 scimitar of slicing (weapon)
 y - the cursed +3 quick blade of Righteous Anger {flame, MR+ Str+3 Int-3}
   (You found it on level 8 of the Dungeon)

   It has been specially enchanted to burn those struck by it, causing extra
   injury to most foes and up to half again as much damage against particularly
   susceptible opponents.
   It affects your strength (+3).
   It affects your intelligence (-3).
   It affects your resistance to hostile enchantments.
   It has a curse placed upon it.
Armour
 i - a +1 cloak (worn)
 u - a cursed +0 shield of fire resistance
Jewellery
 l - a ring of positive energy (left hand)
 s - an uncursed ring of fire
 x - an uncursed ring of ice
Wands
 q - a wand of polymorph (7)
 t - a wand of acid (10)
Scrolls
 b - 10 scrolls of remove curse
 e - 2 scrolls of enchant armour
 g - 4 scrolls of teleportation
 h - 7 scrolls of blinking
 k - a scroll of amnesia
 v - a scroll of identify
Potions
 a - 2 potions of agility {unknown}
 d - 3 potions of mutation
 f - a potion of resistance
 j - 2 potions of haste
 n - a potion of brilliance {unknown}
 o - 2 potions of invisibility
 p - a potion of cancellation
 r - 4 potions of curing
 w - a potion of magic
Comestibles
 c - 11 rations
 z - a chunk of flesh


   Skills:
 - Level 2.1 Fighting
 + Level 10.7 Long Blades
 + Level 7.3 Dodging
 + Level 2.6 Spellcasting
 + Level 2.3 Hexes
 - Level 5.0 Charms
 - Level 5.1 Necromancy


You had 8 spell levels left.
You knew the following spells:

 Your Spells              Type           Power        Failure   Level  Hunger
b - Regeneration          Chrm/Necr      ###.......   8%          3    ###....
c - Spectral Weapon       Hex/Chrm       ##......     14%         3    ###....

Your spell library contained the following spells:

 Spells                   Type           Power        Failure   Level  Hunger
 Infusion                 Chrm           ###.         2%          1    #......
 Song of Slaying          Chrm           ###.....     4%          2    ###....
 Shroud of Golubria       Chrm/Tloc      #.....       12%         2    ###....
 Beastly Appendage        Tmut           #.....       22%         1    #......
 Sticks to Snakes         Tmut           #.......     32%         2    ###....
 Spider Form              Tmut/Pois      #.........   54%         3    ###....
 Ice Form                 Ice/Tmut       #.......     91%         4    #####..
 Blade Hands              Tmut           #.........   99%         5    ######.


Dungeon Overview and Level Annotations

Branches:
Dungeon (8/15)             Temple (1/1) D:5
   Lair: D:8-11

Altars:
Ashenzari
Cheibriados
Dithmenos
Elyvilon
Fedhas
Gozag
Makhleb
Nemelex Xobeh
Okawaru
Ru
Sif Muna
Uskayaw
Vehumet
Wu Jian
Xom
Yredelemnul
Zin
The Shining One

Shops:
D:8 *


Innate Abilities, Weirdness & Mutations

You can breathe waves of freezing cold.
You can buffet flying creatures when you breathe cold.
Your icy white scales are hard. (AC +7)
You cannot fit into any form of body armour.
Your flesh is cold resistant. (rC+)
You are cold-blooded and may be slowed by cold attacks.


Message History

You kill Harold!
Your Hexes skill increases to level 2!
Items here: ( ) [ † a +0 flail; a throwing net; a +0 chain mail; the human corpse of Harold You butcher the human corpse of Harold.
z - a chunk of flesh
Items here: ( ) [ ÷ a +0 flail; a throwing net; a +0 chain mail; the human skeleton of Harold A wyvern comes into view.
There isn't anything to butcher here.
There isn't anything to butcher here.
There isn't anything to butcher here.
You slash the wyvern!
The wyvern is heavily wounded.
The wyvern bites you.
* * * LOW HITPOINT WARNING * * *
You barely miss the wyvern.
The wyvern is heavily wounded.
The wyvern bites you!
You die...

###### #..........#
.....# ##########.#
####.# #.# ...#.# #.#
##.#.# #.# ...#'#####
#.# .........# #)#
.........# #########.#
.........# #....@.(!.#
########.#*#.####l####
*..#*,**#..#
**...,,....#
*,.#*####.#
*,,*,,*,#.#
*,,,,,*,#.#
*,,,,,*,#.#
**,*,,,,*,*****


You could see a wyvern.

Vanquished Creatures
  Harold (D:8)
  Grinder (D:6)
  2 hippogriffs
  2 wyverns (D:8)
  2 hungry ghosts
  Edmund (D:5)
  Duvessa (D:6)
  An orc warrior (D:6)
  2 ice beasts
  2 phantoms
  2 sky beasts
  6 ogres
  A centaur (D:7)
  A crocodile (D:8)
  Blork the orc (D:4)
  4 bullfrogs
  A big kobold (D:7)
  Dowan (D:6)
  A scorpion (D:5)
  2 water moccasin skeletons
  A howler monkey (D:6)
  3 crimson imps
  A quasit (D:8)
  A bullfrog zombie (D:5)
  4 hounds
  A jelly (D:8)
  3 orc priests
  2 bullfrog skeletons
  Ijyb (D:3)
  Jessica (D:2)
  A centaur skeleton (D:4)
  2 iguanas
  3 orc wizards
  5 worker ants
  A howler monkey zombie (D:5)
  2 worker ant zombies
  Robin (D:2)
  A howler monkey skeleton (D:8)
  11 adders
  An adder skeleton (D:5)
  3 worms
  A dart slug (D:3)
  3 leopard geckos
  22 orcs
  6 giant cockroaches
  13 goblins
  9 hobgoblins
  12 jackals
  2 quokkas
  A ball python (D:3)
  A ball python skeleton (D:4)
  4 bats
  5 frilled lizards
  A jackal skeleton (D:7)
  14 kobolds
  3 rats
  A bush (D:1)
182 creatures vanquished.

Notes
Turn   | Place    | Note
-------+----------+-------------------------------------------
     0 | D:1      | KristoblXynda the Draconian Skald began the quest for the
                  | Orb.
     0 | D:1      | Reached XP level 1. HP: 17/17 MP: 3/3
   250 | D:1      | Reached XP level 2. HP: 23/24 MP: 5/5
  1221 | D:2      | Reached XP level 3. HP: 14/29 MP: 6/6
  1426 | D:1      | Learned a level 3 spell: Regeneration
  1435 | D:2      | Reached skill level 3 in Long Blades
  1576 | D:2      | Noticed Robin
  1658 | D:2      | Killed Robin
  1658 | D:2      | Reached XP level 4. HP: 17/36 MP: 0/7
  2287 | D:2      | Noticed Jessica
  2307 | D:2      | Killed Jessica
  2464 | D:3      | Noticed Ijyb
  2497 | D:3      | Killed Ijyb
  2497 | D:3      | Reached skill level 4 in Long Blades
  2497 | D:3      | Reached XP level 5. HP: 40/41 MP: 8/8
  3604 | D:3      | Learned a level 3 spell: Spectral Weapon
  3767 | D:4      | Reached XP level 6. HP: 29/48 MP: 9/9
  4050 | D:4      | Reached skill level 5 in Long Blades
  4455 | D:4      | Noticed Blork the orc
  4868 | D:4      | Killed Blork the orc
  5274 | D:5      | Entered Level 5 of the Dungeon
  5274 | D:5      | Noticed a hungry ghost
  5325 | D:5      | Noticed a sky beast
  5329 | D:5      | Killed a sky beast
  5329 | D:5      | Your scales start taking on an icy white colour.
  5329 | D:5      | Reached XP level 7. HP: 55/55 MP: 10/10
  5329 | D:5      | Gained mutation: Your flesh is cold resistant. (rC+) [White
                  | Draconian growth]
  5425 | D:5      | Found a staircase to the Ecumenical Temple.
  5434 | Temple   | Entered the Ecumenical Temple
  5534 | Temple   | Became a worshipper of Ashenzari the Shackled
  5749 | D:5      | Killed a hungry ghost
  5749 | D:5      | Reached skill level 6 in Long Blades
  6160 | D:5      | Reached skill level 5 in Charms
  6160 | D:5      | Reached XP level 8. HP: 25/61 MP: 11/11
  6298 | D:5      | Noticed Edmund
  6319 | D:5      | Killed Edmund
  6319 | D:5      | Reached skill level 7 in Long Blades
  6319 | D:5      | Reached skill level 1 in Necromancy
  6428 | D:5      | Found a radiant altar of Vehumet.
  6629 | D:5      | Reached skill level 5 in Dodging
  6852 | D:6      | Noticed Grinder
  6871 | D:6      | Killed Grinder
  6871 | D:6      | Reached skill level 8 in Long Blades
  6962 | D:6      | Found an opulent altar of Gozag.
  7285 | D:6      | Reached XP level 9. HP: 62/67 MP: 12/12
  7452 | D:6      | Noticed Dowan
  7453 | D:6      | Noticed Duvessa
  7469 | D:6      | Killed Duvessa
  7481 | D:6      | Killed Dowan
  7498 | D:6      | Reached * piety under Ashenzari
  7692 | D:6      | Reached skill level 9 in Long Blades
  8245 | D:7      | Found a white marble altar of Elyvilon.
  9072 | D:8      | Reached skill level 10 in Long Blades
  9104 | D:8      | Got the cursed quick blade of Righteous Anger {flame, MR+
                  | Str+3 Int-3}
  9108 | D:8      | Reached skill level 5 in Necromancy
  9184 | D:8      | Identified a scroll of acquirement
  9265 | D:8      | Found Adathac's General Store.
  9340 | D:8      | Reached skill level 1 in Hexes
  9418 | D:8      | Reached XP level 10. HP: 73/73 MP: 13/13
  9742 | D:8      | Noticed Harold
  9759 | D:8      | Killed Harold
  9764 | D:8      | Slain by a wyvern

Levels and vault maps discovered:
D:1:      scummos_arrival_forest, layout_loops_ring, serial_forest,
          infiniplex_forest_lined_1, infiniplex_forest_clump_tiny,
          infiniplex_forest_end_2, infiniplex_forest_clump_long,
          infiniplex_forest_straight_5, infiniplex_forest_straight_1,
          infiniplex_forest_clump_small, infiniplex_forest_zigzag_1,
          infiniplex_forest_lined_3, serial_bayou_lagoon_a
D:2:      layout_loops_ring, first_ration, uniq_jessica, uniq_robin
D:3:      minmay_angry_zag, layout_basic, uniq_ijyb
D:4:      layout_basic, uniq_blork_the_orc
D:5:      layout_layer_cave, kennysheep_little_box, minmay_temple_entry_waves,
          uniq_edmund
D:6:      layout_loops_corners, nicolae_gozag_cash_rules_everything_around_me,
          uniq_grinder, uniq_duvessa
D:7:      layout_loops_corners, basic_altar, grunt_ogre_cave
D:8:      layout_basic, serial_shops, shop, minmay_mini_ossuary, uniq_harold
Temple:   minmay_temple_bridge_d

Skill      XL: |  1  2  3  4  5  6  7  8  9 10 |
---------------+-------------------------------+-----
Charms         | 3 4 5 |  5.0
Long Blades    | 3 4 5 6 8 10 | 10.7
Dodging        | 3 4 5 6 7 |  7.3
Necromancy     | 3 5 |  5.1
Hexes          | 1 2 |  2.3
Fighting       | |  2.1
Spellcasting   | |  2.6

Action                   |  1- 3 |  4- 6 |  7- 9 | 10-12 || total
-------------------------+-------+-------+-------+-------++-------
Melee: Falchion          |   254 |   262 |       |       ||   516
       Tailslap          |    33 |    48 |    38 |     7 ||   126
       Scimitar          |       |     3 |   313 |    39 ||   355
 Cast: Regeneration      |     2 |     6 |       |       ||     8
 Abil: Breathe Frost     |       |       |     9 |     1 ||    10
Evoke: Wand              |       |     6 |       |       ||     6
  Use: Scroll            |     4 |     7 |     4 |       ||    15
       Potion            |     1 |     3 |       |       ||     4
 Stab: Sleeping          |       |     1 |     1 |       ||     2
  Eat: Chunk             |     3 |    10 |     7 |       ||    20
       Ration            |       |     1 |     4 |       ||     5
Armor: Skin              |    34 |    99 |    88 |     8 ||   229
Dodge: Dodged            |    69 |   192 |   220 |    25 ||   506
       Rpst.: Falchion   |    27 |    56 |       |       ||    83
       Scimitar          |       |       |    70 |     4 ||    74

Table legend:
 A = Non-vault XP
 B = Vault XP
 C = Vault XP percentage of total XP
 D = Non-vault monster count
 E = Vault monster count
 F = Vault count percentage of total count
                 A         B        C        D         E       F
            +---------+---------+-------+---------+---------+-------
      Total |    5160 |    1937 |  27.3 |     155 |      26 |  14.4
            +---------+---------+-------+---------+---------+-------
        D:1 |      27 |       0 |   0.0 |      16 |       0 |   0.0
        D:2 |      68 |      71 |  51.1 |      19 |      12 |  38.7
        D:3 |      90 |      56 |  38.4 |      16 |       7 |  30.4
        D:4 |     299 |      94 |  23.9 |      19 |       1 |   5.0
        D:5 |     984 |     166 |  14.4 |      21 |       1 |   4.5
        D:6 |     971 |     484 |  33.3 |      26 |       3 |  10.3
        D:7 |    1230 |     116 |   8.6 |      22 |       1 |   4.3
        D:8 |    1491 |     950 |  38.9 |      16 |       1 |   5.9
            +---------+---------+-------+---------+---------+-------
